 Dungeon Crawl Stone Soup version 0.31.0-9-g3a7656b989 (webtiles) character file.

Game seed: 5003065527574011398

46 qw the Shooter (level 3, -1/20 HPs)
             Began as a Deep Elf Hunter on Feb 2, 2024.
             Shot with a sling bullet by a goblin (3 damage)
             ... on level 2 of the Dungeon.
             The game lasted 00:00:03 (1150 turns).

qw the Shooter (Deep Elf Hunter)                    Turns: 1150, Time: 00:00:04

Health: -1/20      AC:  5    Str: 10    XL:     3   Next: 46%
Magic:  5/5        EV: 11    Int: 13    God:
Gold:   19         SH:  0    Dex: 18    Spells: 2/2 levels left

rFire   . . .        a - +0 shortbow
rCold   . . .        (shield currently unavailable)
rNeg    . . .        g - +0 ring mail
rPois   .            (no helmet)
rElec   .            (no cloak)
rCorr   .            (no gloves)
SInv    .            (no boots)
Will    .....        (no amulet)
Stlth   +            (no ring)
HPRegen 0.23/turn    (no ring)
MPRegen 0.09/turn

%: no passive effects
@: about to teleport
A: no striking features
a: no special abilities


You were on level 2 of the Dungeon.
You visited 1 branch of the dungeon, and saw 2 of its levels.

You collected 19 gold pieces.


   Skills:
 - Level 1.5 Fighting
 + Level 7.0 Ranged Weapons
 - Level 2.4 Dodging
 - Level 1.2 Stealth


You had 2 spell levels left.
You didn't know any spells.
Your spell library was empty.

Inventory:

Hand Weapons
 a - a +0 shortbow (weapon)
Armour
 g - a +0 ring mail (worn)
Scrolls
 b - 2 scrolls of identify
Potions
 i - a potion of attraction {unknown}
 j - a potion of curing {unknown}

Dungeon Overview and Level Annotations

Branches:
Dungeon (2/15)

Altars:

Shops:
D:1 [


Message History

You shoot an arrow. The arrow misses the adder.
The arrow hits the goblin.
The goblin is moderately wounded.
The endoplasm freezes you.
You are frozen.
The adder barely misses you.
The giant cockroach bites you but does no damage.
The endoplasm hits you but does no damage.
You shoot an arrow.
The arrow hits the adder but does no damage.
The adder is almost dead.
The adder bites you but does no damage.
The giant cockroach bites you but does no damage.
The adder bites you but does no damage. The endoplasm closely misses you.
The giant cockroach bites you but does no damage.
You shoot an arrow. The arrow hits the adder.
You kill the adder!
The giant cockroach closely misses you. The endoplasm hits you.
The goblin shoots a sling bullet.
The sling bullet misses you.
Your Ranged Weapons skill increases to level 7!
You shoot an arrow.
The arrow hits the giant cockroach but does no damage.
The giant cockroach barely misses you. The endoplasm freezes you.
You are frozen.
The goblin shoots a sling bullet.
The sling bullet hits you. The giant cockroach closely misses you.
1148 ||| READING scroll of teleportation.
As you read the scroll of teleportation, it crumbles to dust.
You feel strangely unstable. The endoplasm freezes you.
You are frozen.
The goblin shoots a sling bullet.
The sling bullet barely misses you. The giant cockroach closely misses you.
You shoot an arrow. The arrow hits the giant cockroach.
The giant cockroach is heavily wounded.
The endoplasm hits you but does no damage.
The giant cockroach closely misses you.
The goblin shoots a sling bullet.
The sling bullet hits you but does no damage.
You shoot an arrow. The arrow hits the giant cockroach.
You kill the giant cockroach!
The endoplasm closely misses you.
The goblin shoots a sling bullet.
The sling bullet hits you.
You die...

##################
......J$....#....#
#!g%@....>>...#
.#..%.....<....# #
............##.### .#
.#..........##..###.#
....................#
#.##.)..............#
# #..........###...#
#..........# #...#
#########... .....#


You could see an endoplasm and a goblin.

Vanquished Creatures
  An adder (D:2)
  A dart slug (D:1)
  3 ball pythons (D:1)
  2 bats (D:1)
  3 endoplasms (D:1)
  A giant cockroach (D:2)
  5 goblins (D:1)
  4 hobgoblins (D:1)
  3 jackals (D:1)
  4 kobolds (D:1)
  3 rats (D:1)
30 creatures vanquished.

Notes
Turn   | Place    | Note
-------+----------+-------------------------------------------
     0 | D:1      | qw the Deep Elf Hunter began the quest for the Orb.
     0 | D:1      | Reached XP level 1. HP: 12/12 MP: 3/3
     0 | D:1      | 0 ||| qw: Version: 0.3-a-155-g5e7d8dd
     0 | D:1      | 0 ||| qw: Game counter: 1501
     0 | D:1      | 0 ||| qw: Melee chars always use a shield: true
     0 | D:1      | 0 ||| qw: God list: Okawaru
     0 | D:1      | 0 ||| qw: Allow faded altars: false
     0 | D:1      | 0 ||| qw: Do Orc after clearing Dungeon:15 true
     0 | D:1      | 0 ||| qw: Do second Lair branch before Depths: true
     0 | D:1      | 0 ||| qw: Lair rune preference: random
     0 | D:1      | 0 ||| qw: Goals: Normal
     0 | D:1      | 0 ||| PLANNING D:1-11
   110 | D:1      | Reached XP level 2. HP: 13/16 MP: 4/4
   150 | D:1      | Reached skill level 6 in Ranged Weapons
   455 | D:1      | Found Diozxypri's Armour Emporium.
   455 | D:1      | Noticed an animated pearl dragon scales
   455 | D:1      | Noticed an animated storm dragon scales
   464 | D:1      | 464 ||| SHOPLISTING +0 pair of gloves (45 gold, have 11).
   464 | D:1      | 464 ||| SHOPLISTING +2 ring mail of Rotation {Harm rF+ rN++
                  | Str-5} (280 gold, have 11).
   729 | D:1      | Reached XP level 3. HP: 20/20 MP: 5/5
  1053 | D:1      | 1053 ||| UPGRADING to +0 ring mail.
  1063 | D:1      | 1063 ||| DROPPING +0 leather armour.
  1064 | D:1      | 1064 ||| READING scroll labelled UBUCRU ZUFIR.
  1064 | D:1      | 1064 ||| IDENTIFYING metallic blue potion
  1065 | D:1      | 1065 ||| READING 2 scrolls labelled UKKUAKKOGE.
  1070 | D:1      | 1070 ||| READING scroll labelled IRGHABR DEHOMO.
  1071 | D:1      | 1071 ||| DROPPING scroll of butterflies.
  1072 | D:1      | 1072 ||| DROPPING potion of ambrosia.
  1089 | D:2      | 1089 ||| STAIRDANCE
  1147 | D:2      | Reached skill level 7 in Ranged Weapons
  1147 | D:2      | HP: 4/20 [goblin/sling bullet (4)]
  1148 | D:2      | 1148 ||| READING scroll of teleportation.
  1148 | D:2      | HP: 1/20 [frozen (3)]
  1150 | D:2      | Shot with a sling bullet by a goblin

Levels and vault maps discovered:
D:1:      dpeg_arrival_central, layout_basic, serial_corexii_hall,
          corexii_hall_statues_x, corexii_hall_statues_s,
          chequers_hall_statues_wall_a, corexii_hall_statues_i,
          chequers_hall_statues_wall_a, corexii_hall_statues_i, serial_shops,
          nicolae_shop_mannequins
D:2:      layout_rooms, columned_hall_lemuel, st_stairs_10

Skill      XL: |  1  2  3 |
---------------+----------+-----
Ranged Weapons | 6 7 |  7.0
Fighting       | |  1.5
Dodging        | |  2.4
Stealth        | |  1.2

Action                     || total
---------------------------++-------
   Fire: Shortbow          ||    96
    Use: Scroll            ||     4
 Armour: Leather armour    ||    15
         Ring mail         ||    22
  Dodge: Dodged            ||    39

Table legend:
 A = Non-vault XP
 B = Vault XP
 C = Vault XP percentage of total XP
 D = Non-vault monster count
 E = Vault monster count
 F = Vault count percentage of total count
                 A         B        C        D         E       F
            +---------+---------+-------+---------+---------+-------
      Total |      69 |       0 |   0.0 |      30 |       0 |   0.0
            +---------+---------+-------+---------+---------+-------
        D:1 |      53 |       0 |   0.0 |      28 |       0 |   0.0
        D:2 |      16 |       0 |   0.0 |       2 |       0 |   0.0
            +---------+---------+-------+---------+---------+-------
